[Event "2nd Cambridge Open 2024"]
[Site "Cambridge"]
[Date "2024.02.19"]
[Round "2.6"]
[White "Willow, Jonah B"]
[Black "Gourlay, Iain"]
[Result "1-0"]
[ECO "B12"]
[WhiteElo "2434"]
[BlackElo "2301"]
[Annotator "TA"]
[PlyCount "105"]
[EventDate "2024.02.18"]
[EventType "swiss"]
[EventCountry "ENG"]
[SourceTitle "playchess.com"]
[Source "ChessBase"]
[SourceQuality "1"]
[TimeControl "5400+30"]

1. e4 c6 2. d4 d5 3. e5 c5 4. Nf3 cxd4 5. Qxd4 Nc6 6. Qf4 e6 7. Be3 Qc7 8. Nc3 {[%emt 0:05:32] The position is equal.} a6 {[%emt 0:20:32] Against Nb5} 9. Bd3 f6 10. exf6 Qxf4 11. Bxf4 gxf6 12. O-O Bb4 13. Na4 {[%emt 0:04:11] [#] Nb6 would now be deadly.} e5 14. Nb6 Rb8 15. Nxc8 Rxc8 16. Bf5 (16. c3 $5) 16... Rd8 {[%emt 0:01:25][%cal Og8e7] aiming for ...Nge7!} 17. Bg3 Nge7 18. Bh3 Kf7 19. c3 Bc5 20. b4 Ba7 21. a4 Ng6 22. Rfb1 Nce7 {[%emt 0:07:32] With the idea ...h5.} 23. b5 a5 24. b6 Bb8 25. Nd2 f5 26. Nb3 Bd6 (26... f4 $2 27. Nxa5 e4 (27... fxg3 $2 28. hxg3 h6 29. Nxb7 $18) 28. Nxb7 $18) 27. Nxa5 Rb8 28. f3 Bc5+ 29. Kf1 Rhd8 (29... Rhc8 $14) 30. Rb5 $16 {[%emt 0:00:40] White is more active.} Be3 31. Ke2 f4 (31... d4 $16) 32. Bf2 $36 {[%emt 0:01:36][%mdl 2048] Keeping Black busy.} d4 33. c4 (33. cxd4 $18 {is the precise move to win.} exd4 34. Kf1) 33... d3+ 34. Kf1 Bd2 $2 {[%emt 0:01:52] Loses the game.} (34... d2 $14 35. Rd1 Rd3) 35. Nb3 $18 Bc3 36. Rd1 Nc8 (36... Nc6 $142 37. Nc5 Nge7) 37. Rd5 Rxd5 38. cxd5 Nge7 (38... Bb4 {was called for.} 39. a5 (39. Rxd3 Nd6 $18) 39... Nd6 40. Rxd3 (40. Be6+ Ke7 $18) 40... Ne7 41. Be6+ Kg6) 39. Rxd3 Bb4 40. a5 ({But not} 40. Be6+ Kg6 41. d6 Nxd6) 40... Ra8 41. Be1 Bxe1 42. Kxe1 Nd6 43. Rc3 Kf6 44. Rc7 Rd8 45. Be6 h6 46. Nc5 Ra8 {[%emt 0:00:31] [#]} 47. a6 $1 bxa6 48. b7 Nxb7 49. Rxb7 {[%emt 0:00:14] White mates.} Nc8 50. Ne4+ Kg6 51. Bf7+ Kf5 52. Bh5 Ra7 53. Bg4+ {[%emt 0:00:07] Weighted Error Value: White=0.13 (very precise) /Black=0.36.  Loses game:     	---       	Black=1      Mistake:       	White=1     	Black=4      Inaccurate:     	---       	Black=4      OK:         	White=17    	Black=18     Best:        	White=4     	Black=1} (53. Rb8 $142 Rc7 54. Rxc8 (54. Bg4+ Kg6 55. Rxc8 Rxc8 56. Bxc8 h5 57. d6 Kf7 58. d7 Ke7) 54... Rxc8 55. Bg4+ Kg6 56. Bxc8 h5 57. d6 (57. Bxa6 Kf7 58. d6 Kf8 59. Bb5 h4 60. Ng5 h3 61. gxh3 e4) 57... Kf7 58. d7 (58. Bxa6 h4 59. Bb5 Kf8 60. Ng5 h3 61. gxh3 e4 62. fxe4 f3)) 1-0

[Event "2nd Cambridge Open 2024"]
[Site "Cambridge"]
[Date "2024.02.19"]
[Round "2.7"]
[White "Vardanyan, Aras"]
[Black "Wadsworth, Matthew J"]
[Result "1/2-1/2"]
[ECO "C00"]
[WhiteElo "2284"]
[BlackElo "2450"]
[Annotator "TA"]
[PlyCount "97"]
[EventDate "2024.02.18"]
[EventType "swiss"]
[EventCountry "ENG"]
[SourceTitle "playchess.com"]
[Source "ChessBase"]
[SourceQuality "1"]
[TimeControl "5400+30"]

1. Nf3 Nf6 2. g3 b6 3. Bg2 Bb7 4. O-O e6 5. d3 d5 6. Nbd2 Be7 7. e4 c5 8. Re1 Nc6 9. c3 Qc7 10. a3 O-O 11. e5 Nd7 12. d4 Ba6 13. Nf1 Bxf1 ({Black should try} 13... b5 $11) 14. Bxf1 $14 c4 {[%emt 0:00:09] White is slightly better.} 15. Ng5 Bxg5 16. Bxg5 h6 17. Bf4 Ne7 18. Qh5 Rfc8 19. g4 Qd8 20. Bd2 f6 21. exf6 (21. Bxh6 gxh6 22. exf6 (22. Qxh6 $2 Qf8 $19) 22... Nxf6 23. Qxh6 Qf8 24. Qxf8+ (24. Qg5+ Kf7 $17) 24... Rxf8 (24... Kxf8 25. Rxe6 Kf7 26. Rae1 $15) 25. Rxe6 Kf7 $15) 21... Nxf6 22. Qe5 Rc6 23. f3 {[%emt 0:01:10] White is much more active.} (23. Bxh6 Ng6 24. Qe3 (24. Qg5 $2 Kh7 $19) 24... gxh6 25. Qxh6 Qe8 $17) 23... Ng6 24. Qg3 Qf8 25. Re2 Qf7 26. Rae1 h5 27. h3 Rf8 28. Bg2 Ne8 29. Bg5 Qc7 {[%emt 0:02:37] [#]} (29... Nf6 $16 30. Bc1 Kh8) 30. Qxc7 (30. Qh2 $1 $18) 30... Nxc7 $16 31. gxh5 Nf4 (31... Rf5 $142) 32. Bxf4 Rxf4 33. Kf2 b5 34. Kg3 Rf6 35. Re5 a5 36. f4 b4 37. axb4 (37. cxb4 $6 axb4 38. axb4 Rb6 $14) 37... axb4 38. f5 {[%emt 0:07:41] [#] fxe6 would now be deadly.} (38. cxb4 $6 Rb6 $14) 38... Kf7 39. fxe6+ (39. cxb4 Rxf5 40. Rxf5+ exf5 $16) 39... Rcxe6 40. Ra1 (40. Bxd5 $2 Nxd5 41. cxb4 Nxb4 42. Rxe6 Rxe6 43. Rf1+ Ke7 $19) (40. Rxe6 $6 Rxe6 41. Rxe6 Kxe6 $16) 40... Ra6 41. Rae1 (41. Bxd5+ $16 Nxd5 42. Rxa6 Rxa6 43. Rxd5 bxc3 44. bxc3) 41... Rfe6 (41... Rae6 $1 $11 {keeps the balance.}) 42. Rxe6 (42. cxb4 Rxe5 43. Rxe5 Ra2) (42. Rf1+ $16 Ke8 43. Rg5 (43. cxb4 Rxe5 44. dxe5 Rb6 $14)) 42... Rxe6 {[%emt 0:00:09][%mdl 4096] Endgame. KRB-KRN} 43. Ra1 {[%emt 0:00:39] And now Ra7 would win.} (43. Rxe6 Kxe6 44. cxb4 Nb5 $11) 43... Kf6 44. Kf2 Rb6 {[%emt 0:00:52] The position is equal.} 45. Ra5 bxc3 46. bxc3 (46. Bxd5 $2 {loses.} c2 (46... Rxb2+ $2 47. Ke3 $19) (46... cxb2 $2 47. Be4 $19) 47. Ra1 Rxb2 $19 (47... Nxd5 $2 48. Ke2 $19)) 46... Rb3 47. Bxd5 Nxd5 48. Rxd5 Rxc3 49. Rc5 {[%emt 0:00:36] Black escapes into a draw.   Weighted Error Value: White=0.17 (very precise) /Black=0.19 (very precise) .  Mistake:       	White=3     	Black=4      Inaccurate:     	---       	Black=2      OK:         	White=15    	Black=11     Best:        	White=1     	---} 1/2-1/2

[Event "2nd Cambridge Open 2024"]
[Site "Cambridge"]
[Date "2024.02.19"]
[Round "2.8"]
[White "Wachinger, Nikolas"]
[Black "Pozzari, Simone"]
[Result "1-0"]
[ECO "C82"]
[WhiteElo "2437"]
[BlackElo "2282"]
[Annotator "TA"]
[PlyCount "89"]
[EventDate "2024.02.18"]
[EventType "swiss"]
[EventCountry "ENG"]
[SourceTitle "playchess.com"]
[Source "ChessBase"]
[SourceQuality "1"]
[TimeControl "5400+30"]

1. e4 e5 2. Nf3 Nc6 3. Bb5 a6 4. Ba4 Nf6 5. O-O Nxe4 6. d4 b5 7. Bb3 d5 8. dxe5 Be6 9. c3 Bc5 10. Nbd2 O-O 11. Bc2 Nxf2 12. Rxf2 f6 13. Nf1 Bxf2+ 14. Kxf2 fxe5 15. Kg1 {[%emt 0:00:10][%cal Oc2h7] The position is equal.} Qd6 16. Bg5 Rae8 17. Bh4 e4 18. Bg3 Qd7 19. Nd4 Bg4 20. Qd2 (20. Qe1 $14) 20... Ne5 (20... Na5 $5 21. h3 Nc4 $14) 21. Bxe5 Rxe5 22. Ne3 c5 23. Nb3 {[%emt 0:01:14] A dynamic duo of knights.} Rc8 {[%emt 0:00:08] [#] Black cannot hold the game after this.} (23... Qc8 $1 $11) 24. Nxc5 $1 $18 Rxc5 25. Qd4 $1 Qd6 26. Nxg4 Rh5 27. Bb3 Rc8 28. Qxe4 Kh8 29. Qd4 Re8 30. Rd1 Qg6 31. h3 (31. Bxd5 Rxd5 32. Qxd5 Qxg4 $14) 31... Rg5 32. Bxd5 h5 33. Ne3 Rge5 34. Nf1 Re2 35. Rd2 Re1 36. Rf2 {[%emt 0:01:01] Strongly threatening Bf7.} Qg5 37. Bf3 Ra1 $2 (37... R1e5 {might work better.} 38. Qa7 Qg6) 38. h4 Qg6 (38... Qe5 39. a3 Qxd4 40. cxd4 b4 41. axb4 (41. Bxh5 Rd8 $18) 41... Rb8 42. Bxh5 Re1) 39. Qd5 Ree1 40. Qxh5+ (40. Be2 $142 {Intending Rf8+ and mate.} Qe8 41. Bd3 (41. Bxh5 Rxf1+ 42. Rxf1 Qe3+ 43. Kh2 Rxf1 $17) (41. Qxh5+ Qxh5 42. Bxh5 Re6 $18)) 40... Qxh5 41. Bxh5 g6 (41... g5 $142 42. hxg5 Re5) 42. Bxg6 {[%emt 0:00:17] White is clearly winning.} Rxa2 43. h5 Kg7 44. Kh2 {[%emt 0:00:13] Black must now prevent Rf7+.} a5 45. Ng3 {[%emt 0:00:10] Weighted Error Value: White=0.49/Black=0.63.  Loses game:     	---       	Black=1      Mistake:       	White=1     	Black=3      Inaccurate:     	White=2     	Black=4      OK:         	White=11    	Black=10     Best:        	White=3     	---        Brilliant:      	White=1     	---} 1-0

[Event "2nd Cambridge Open 2024"]
[Site "Cambridge"]
[Date "2024.02.19"]
[Round "2.9"]
[White "Shafi, Declan"]
[Black "Hanley, Craig A"]
[Result "0-1"]
[ECO "A49"]
[WhiteElo "2219"]
[BlackElo "2431"]
[Annotator "TA"]
[PlyCount "74"]
[EventDate "2024.02.18"]
[EventType "swiss"]
[EventCountry "ENG"]
[SourceTitle "playchess.com"]
[Source "ChessBase"]
[SourceQuality "1"]
[TimeControl "5400+30"]

1. d4 g6 2. Nf3 Bg7 3. g3 b5 4. Bg2 Bb7 5. O-O Nf6 6. Qd3 a6 7. Nbd2 O-O 8. e4 {[%emt 0:04:57] White is slightly better.} d6 9. Re1 c5 10. c4 (10. dxc5 $11 {keeps the balance.} dxc5 11. Qxd8 Rxd8 12. e5) 10... Nc6 ({Black should play} 10... cxd4 $17 {White must now prevent ...e5.} 11. Nxd4 Qb6 12. cxb5 Ng4) 11. d5 $1 $14 bxc4 (11... Nd4 $11) 12. Nxc4 $16 Na5 13. Bd2 (13. Na3 $16) 13... Nxc4 $14 14. Qxc4 Qb6 15. Bc3 a5 16. Qb3 Qc7 17. Nd2 Rfb8 18. Qc2 Nd7 19. Nc4 a4 20. Rab1 Ba6 21. Bxg7 Kxg7 22. Qxa4 $2 {[%emt 0:01:27][%mdl 8192] [#] Black converts the advantage convincingly.} (22. Bf1 $11 {and White is okay.}) 22... Rb4 $1 $19 23. Qc6 ({Wrong is} 23. Qa5 $2 Qb8 24. a3 Bxc4 $19 (24... Rxc4 $2 25. Qd2 $19)) 23... Qd8 ({Weaker is} 23... Qxc6 24. dxc6 Bxc4 25. a3 $15) 24. Nxd6 Rb6 25. Nxf7 (25. Ne8+ {was the only defense.} Qxe8 26. Qc7) 25... Kxf7 26. e5 $2 (26. Qa4 Bd3 27. Qd1 Bxb1 28. Qxb1) 26... Rxc6 27. e6+ Kg7 28. dxc6 Nf6 29. c7 Qc8 30. Bxa8 Qxa8 31. Rbc1 Qc6 {[%emt 0:00:53][%cal Oa6b7] [#] Hoping for ...Bb7!} 32. b4 Bb7 {[%emt 0:01:33][%csl Gb7][%cal Rc6g2] Black mates.} 33. Kf1 Qg2+ 34. Ke2 Ba6+ 35. Kd1 Qd5+ 36. Kc2 Qxa2+ 37. Kc3 Nd5# {[%emt 0:00:00] Weighted Error Value: White=0.83/Black=0.21 (precise) .  Loses game:     	White=1     	---        Mistake:       	White=4     	Black=2      Inaccurate:     	White=3     	Black=2      OK:         	White=4     	Black=7      Best:        	---       	Black=2      Strong:       	White=1     	Black=1} 0-1

[Event "2nd Cambridge Open 2024"]
[Site "Cambridge"]
[Date "2024.02.19"]
[Round "2.10"]
[White "Roberson, Peter T"]
[Black "Denderski, Piotr"]
[Result "1-0"]
[ECO "B51"]
[WhiteElo "2424"]
[BlackElo "2137"]
[Annotator "TA"]
[PlyCount "51"]
[EventDate "2024.02.18"]
[EventType "swiss"]
[EventCountry "ENG"]
[SourceTitle "playchess.com"]
[Source "ChessBase"]
[SourceQuality "1"]
[TimeControl "5400+30"]

1. e4 c5 2. Nf3 Nc6 3. Bb5 d6 4. O-O Bd7 5. c3 Nf6 6. d4 Nxe4 7. d5 {[%emt 0:02:16][%cal Od1a4] [#] aiming for Qa4!} Ne5 8. Na3 {[%emt 0:00:17] The position is equal.} g6 ({Black should try} 8... Nf6 $11) 9. Nxe5 $14 dxe5 10. Qe2 Bxb5 11. Nxb5 Nd6 12. Qxe5 Rg8 13. Qe2 {[%emt 0:07:50] White is much more active. The black rooks are passive.} a6 14. Nxd6+ Qxd6 15. Rd1 Bg7 16. Be3 Be5 17. g3 Rc8 18. Re1 ({Better is} 18. Rd2) 18... Qd8 (18... Qxd5 $16 19. Bf4 Bf6) 19. Qg4 (19. Bg5 $18 Bd6 20. Qf3) 19... h5 20. Qf3 Bd6 21. Bg5 Rc7 (21... Kf8 $16 {was worth a try.} 22. Bh6+ Ke8) 22. Re4 Qc8 (22... Rg7 $16 23. b3 Rh7) 23. Rae1 Qf5 (23... Kf8 {was called for.} 24. Bh6+ Rg7) 24. Qe3 $18 {[%emt 0:02:30] White is winning.} f6 {[%emt 0:06:18] [#]} 25. Bxf6 Qxf6 26. Re6 {[%emt 0:00:06] Weighted Error Value: White=0.12 (very precise) /Black=0.37.  Mistake:       	White=2     	Black=5      OK:         	White=9     	Black=2      Best:        	White=3     	Black=2      Brilliant:      	White=1     	---} 1-0

[Event "2nd Cambridge Open 2024"]
[Site "Cambridge"]
[Date "2024.02.19"]
[Round "2.11"]
[White "Brett, Andrew R"]
[Black "Haubro, Martin"]
[Result "0-1"]
[ECO "E51"]
[WhiteElo "2072"]
[BlackElo "2418"]
[Annotator "TA"]
[PlyCount "107"]
[EventDate "2024.02.18"]
[EventType "swiss"]
[EventCountry "ENG"]
[SourceTitle "playchess.com"]
[Source "ChessBase"]
[SourceQuality "1"]
[TimeControl "5400+30"]

1. d4 Nf6 2. c4 e6 3. Nc3 Bb4 4. e3 O-O 5. Bd2 d5 6. Nf3 Nbd7 7. Rc1 {[%emt 0:01:01] 7.a3 is the modern continuation. E51: Nimzo-Indian: Rubinstein: 4...0-0 5 Nf3 d5.} b6 8. cxd5 exd5 9. Qb3 Bxc3 10. Bxc3 Bb7 11. Be2 Ne4 12. O-O Re8 13. Be1 $146 ({Predecessor:} 13. Qd1 Nxc3 14. Rxc3 c6 15. b4 Nf6 16. Qb3 Ne4 17. Rc2 a5 18. a4 axb4 19. Qxb4 {½-½ Bluebaum,M (2646)-Deac,B (2625) GER-ROM online blitz 2020 (5)}) 13... Rc8 14. Nd2 Nd6 15. Qd1 Qf6 16. b4 c6 17. Kh1 Qe7 18. Bd3 g6 19. Nb3 Nf8 20. Rc2 Ne6 21. f3 Ng7 22. Re2 Rcd8 23. Na1 (23. Qc1 {might be stronger.}) 23... Bc8 $11 24. Nc2 Bf5 25. Bf2 Ra8 26. Rfe1 Bxd3 27. Qxd3 a5 28. a3 Ne6 29. Bg3 Nc4 30. e4 axb4 31. axb4 {[%emt 0:00:21] [#]} b5 $1 32. h3 Qg5 33. Bh2 Ra2 34. exd5 Qxd5 35. Ne3 Nxe3 (35... Qxd4 $2 36. Qxd4 Rxe2 37. Qc3 Rxe1+ 38. Qxe1 $18) ({Black should try} 35... Rxe2 $17 36. Qxe2 Nxd4 (36... Qxd4 37. Nxc4 bxc4 38. Rd1 $11) 37. Nxd5 Rxe2 38. Rxe2 Nxe2 39. Ne7+ Kf8 40. Nxc6 Ke8) 36. Rxe3 $11 Rd8 (36... Qxd4 $2 37. Qxd4 Nxd4 38. Rxe8+ $18) 37. Be5 Rda8 (37... Nxd4 $2 38. Bxd4 Raa8 39. Qc3 Qxd4 40. Re8+ (40. Qxc6 Qxb4 41. Re4 Qa5 $15) 40... Rxe8 41. Rxe8+ (41. Qxd4 $2 Rxe1+ 42. Kh2 h5 $19) 41... Rxe8 42. Qxd4 $18) 38. Qb3 (38. Qe4 $11) 38... Qxb3 $15 (38... Nxd4 $2 {too greedy.} 39. Qxd5 cxd5 40. Bxd4 $18) 39. Rxb3 Rc2 40. Bf6 (40. Rbb1 $11) 40... h6 41. Rbe3 (41. Be5 $15) 41... Raa2 $17 42. d5 (42. Be5 $17) 42... cxd5 $19 43. Rd3 Rxg2 44. Rxd5 Rh2+ 45. Kg1 g5 ({Worse is} 45... Rxh3 46. Rd8+ Nf8 (46... Nxd8 47. Re8+ Kh7 48. Rh8#) 47. Be5 $11 (47. Ree8 Rg3+ 48. Kh1 Rh3+ 49. Kg1 Rg3+ 50. Kf1 Kh7 $11)) 46. Be5 Rxh3 47. Rxb5 Rxf3 48. Rb8+ Kh7 49. b5 (49. Rf1 {keeps fighting.} Rxf1+ 50. Kxf1) 49... Nf4 $19 50. Bxf4 Rxf4 (50... gxf4 $142 51. Rb7 Rg3+ 52. Kf1 Rh3) 51. b6 Rb2 (51... Rg4+ $2 52. Kh1 $19) 52. b7 Kg7 53. Ree8 Rd4 54. Kh1 0-1

[Event "2nd Cambridge Open 2024"]
[Site "Cambridge"]
[Date "2024.02.19"]
[Round "2.12"]
[White "Saine, Zachary"]
[Black "Pereslavtsev, Alexandr"]
[Result "0-1"]
[ECO "B42"]
[WhiteElo "1978"]
[BlackElo "1696"]
[Annotator "RC"]
[PlyCount "70"]
[EventDate "2024.02.18"]
[EventType "swiss"]
[EventCountry "ENG"]
[SourceTitle "playchess.com"]
[Source "ChessBase"]
[SourceQuality "1"]
[TimeControl "5400+30"]

1. e4 c5 2. Nf3 e6 3. d4 cxd4 4. Nxd4 a6 5. Bd3 Bc5 6. Nb3 Ba7 7. Qe2 Nc6 8. Be3 Nge7 9. f4 d6 10. O-O O-O 11. c4 Nb4 12. Nc3 Nxd3 13. Qxd3 Nc6 14. Bxa7 Rxa7 15. Rad1 Qb6+ 16. Kh1 Rd8 17. f5 Qc7 18. f6 gxf6 19. Qg3+ Kh8 20. Qh4 Qe7 21. Rxf6 Ne5 22. Rdf1 Rg8 23. c5 dxc5 24. Qh5 Qd6 25. Nd5 b5 26. Rh6 f5 27. Nf6 Qe7 28. Nxh7 Qxh7 29. Qh4 Ng4 30. Rxh7+ Rxh7 31. Qe1 Nxh2 32. Qc3+ Rgg7 33. g4 b4 34. Qxc5 Nxg4+ 35. Kg2 Ne5+ 0-1

[Event "2nd Cambridge Open 2024"]
[Site "Cambridge"]
[Date "2024.02.19"]
[Round "2.13"]
[White "Underwood, Jon"]
[Black "Prince, Alan R"]
[Result "0-1"]
[ECO "A02"]
[WhiteElo "1993"]
[BlackElo "1652"]
[Annotator "RC"]
[PlyCount "99"]
[EventDate "2024.02.18"]
[EventType "swiss"]
[EventCountry "ENG"]
[SourceTitle "playchess.com"]
[Source "ChessBase"]
[SourceQuality "1"]
[TimeControl "5400+30"]

1. f4 d6 2. Nf3 g6 3. g3 Bg7 4. Bg2 e5 5. fxe5 dxe5 6. d3 Ne7 7. Nc3 c6 8. Be3 Nf5 9. Bf2 Nd7 10. Qd2 Bh6 11. e3 Qb6 12. Nd1 O-O 13. O-O Re8 14. g4 Nd4 15. h4 Nxf3+ 16. Bxf3 e4 17. Bg2 f5 18. g5 Bg7 19. d4 Qc7 20. Nc3 Bf8 21. Ne2 Bd6 22. Qe1 Nb6 23. Bg3 Bxg3 24. Nxg3 Be6 25. b3 Rad8 26. Ne2 Nd5 27. Qd2 b5 28. c4 bxc4 29. bxc4 Nb6 30. c5 Nd5 31. Rab1 Rb8 32. a3 Rxb1 33. Rxb1 Rb8 34. Rxb8+ Qxb8 35. Nc3 Nxc3 36. Qxc3 Qg3 37. d5 Bxd5 38. Qf6 Qxe3+ 39. Kh2 Qxc5 40. h5 Qf8 41. Qd4 Qg7 42. Qb4 Qe5+ 43. Kg1 gxh5 44. Qb7 f4 45. Qa8+ Kg7 46. Qxa7+ Bf7 47. Kf2 c5 48. Qb6 e3+ 49. Ke1 Qxg5 50. Be4 0-1

[Event "2nd Cambridge Open 2024"]
[Site "Cambridge"]
[Date "2024.02.19"]
[Round "2.14"]
[White "Ghasi, Ameet K"]
[Black "Kovalskyi, Roman"]
[Result "1-0"]
[ECO "A04"]
[WhiteElo "2509"]
[BlackElo "2009"]
[Annotator "RC"]
[PlyCount "47"]
[EventDate "2024.02.18"]
[EventType "swiss"]
[EventCountry "ENG"]
[SourceTitle "playchess.com"]
[Source "ChessBase"]
[SourceQuality "1"]
[TimeControl "5400+30"]

1. Nf3 Nf6 2. g3 c5 3. Bg2 Nc6 4. O-O e5 5. e4 Nxe4 6. Re1 d5 7. c4 Nf6 8. cxd5 Nxd5 9. Nxe5 Be6 10. Qh5 Nce7 11. Nc3 Nf6 12. Qe2 Rb8 13. Qb5+ Nd7 14. d4 a6 15. Qa4 cxd4 16. Ne4 Nd5 17. Ng5 N5b6 18. Nexf7 Nxa4 19. Nxd8 Kxd8 20. Nxe6+ Kc8 21. Bf4 Ndc5 22. Bh3 Nxe6 23. Rxe6 Kd8 24. Bxb8 1-0

[Event "2nd Cambridge Open 2024"]
[Site "Cambridge"]
[Date "2024.02.19"]
[Round "2.15"]
[White "Asgarova, Turan"]
[Black "Sowray, Peter J"]
[Result "0-1"]
[ECO "C74"]
[WhiteElo "1988"]
[BlackElo "2169"]
[Annotator "RC"]
[PlyCount "84"]
[EventDate "2024.02.18"]
[EventType "swiss"]
[EventCountry "ENG"]
[SourceTitle "playchess.com"]
[Source "ChessBase"]
[SourceQuality "1"]
[TimeControl "5400+30"]

1. e4 e5 2. Nf3 Nc6 3. Bb5 a6 4. Ba4 d6 5. c3 f5 6. exf5 Bxf5 7. d3 Nf6 8. O-O Be7 9. Re1 O-O 10. b4 Qe8 11. Bc2 Qh5 12. Bb2 Kh8 13. Nbd2 Nd5 14. Nf1 Nf4 15. Ng3 Qg6 16. Re3 Bf6 17. Qf1 Bg4 18. Bb3 d5 19. a3 h5 20. Kh1 h4 21. Ne2 Nxd3 22. Ra2 e4 23. Rxd3 exd3 24. Neg1 Qf5 25. h3 Bh5 26. c4 d4 27. Bc1 Rfe8 28. Rd2 Bg6 29. c5 Ne5 30. Nxd4 Qe4 31. Ndf3 Nxf3 32. Nxf3 Rad8 33. Bb2 Bxb2 34. Rxb2 Qf4 35. Bd1 d2 36. Rb3 Bh5 37. Re3 Rxe3 38. fxe3 Qxe3 39. Qc4 Qe1+ 40. Kh2 Bxf3 41. gxf3 Qf2+ 42. Kh1 Re8 0-1

[Event "2nd Cambridge Open 2024"]
[Site "Cambridge"]
[Date "2024.02.19"]
[Round "2.16"]
[White "Volovich, Julia"]
[Black "Mihalik, Agoston"]
[Result "0-1"]
[ECO "E32"]
[WhiteElo "1983"]
[BlackElo "2146"]
[Annotator "RC"]
[PlyCount "70"]
[EventDate "2024.02.18"]
[EventType "swiss"]
[EventCountry "ENG"]
[SourceTitle "playchess.com"]
[Source "ChessBase"]
[SourceQuality "1"]
[TimeControl "5400+30"]

1. d4 Nf6 2. c4 e6 3. Nc3 Bb4 4. Qc2 O-O 5. a3 Bxc3+ 6. Qxc3 b6 7. Bg5 Bb7 8. f3 d6 9. Nh3 Nbd7 10. e4 h6 11. Be3 c5 12. Nf2 Qe7 13. Be2 cxd4 14. Qxd4 Rfd8 15. O-O Rac8 16. b4 Nb8 17. Rac1 Nc6 18. Qb2 Nd7 19. Rfd1 e5 20. Rd2 Nf8 21. b5 Na5 22. Qb4 Ne6 23. Nd3 Ba8 24. Nxe5 Nc5 25. Bxc5 dxc5 26. Rxd8+ Rxd8 27. Qc3 h5 28. f4 f6 29. Ng6 Qxe4 30. Bf3 Qxg6 31. Bxa8 Rxa8 32. Qf3 Rd8 33. Re1 Qf7 34. f5 Nxc4 35. Re6 Ne5 0-1

[Event "2nd Cambridge Open 2024"]
[Site "Cambridge"]
[Date "2024.02.19"]
[Round "2.17"]
[White "Abhyuday, Santhosh"]
[Black "Woltery, Nicolai"]
[Result "0-1"]
[ECO "B38"]
[WhiteElo "2058"]
[BlackElo "1979"]
[Annotator "RC"]
[PlyCount "86"]
[EventDate "2024.02.18"]
[EventType "swiss"]
[EventCountry "ENG"]
[SourceTitle "playchess.com"]
[Source "ChessBase"]
[SourceQuality "1"]
[TimeControl "5400+30"]

1. e4 c5 2. Nf3 Nc6 3. d4 cxd4 4. Nxd4 g6 5. c4 Bg7 6. Be3 d6 7. Nc3 Nf6 8. Be2 O-O 9. O-O Bd7 10. Re1 Nxd4 11. Bxd4 Bc6 12. Qc2 a5 13. Rad1 Nd7 14. b3 Bxd4 15. Rxd4 Qb6 16. Rd3 a4 17. Nd5 Bxd5 18. exd5 axb3 19. axb3 Qa5 20. Rb1 Qa2 21. Rb2 Qa1+ 22. Rd1 Qa3 23. b4 Rfc8 24. Rb3 Qa2 25. Qxa2 Rxa2 26. Re3 Kf8 27. Rb1 Nb6 28. Bf1 Nxc4 29. Rh3 Nd2 30. Re1 Nxf1 31. Kxf1 Rcc2 32. Rxh7 Rxf2+ 33. Kg1 Rxg2+ 34. Kh1 Rgb2 35. Rh4 Ra4 36. Rh8+ Kg7 37. Rc8 Raxb4 38. Rxe7 Rd4 39. Rc1 Rxd5 40. h4 Rf5 41. h5 Rxh5+ 42. Kg1 Rg5+ 43. Kh1 Rb4 0-1

[Event "2nd Cambridge Open 2024"]
[Site "Cambridge"]
[Date "2024.02.19"]
[Round "2.19"]
[White "Reynolds, D Ian W"]
[Black "Fava, Lorenzo"]
[Result "0-1"]
[ECO "B15"]
[WhiteElo "1960"]
[BlackElo "2084"]
[Annotator "RC"]
[PlyCount "108"]
[EventDate "2024.02.18"]
[EventType "swiss"]
[EventCountry "ENG"]
[SourceTitle "playchess.com"]
[Source "ChessBase"]
[SourceQuality "1"]
[TimeControl "5400+30"]

1. e4 c6 2. d4 d5 3. Nc3 g6 4. Nf3 Bg4 5. Be2 Bg7 6. Be3 e6 7. h3 Bxf3 8. Bxf3 Nd7 9. Qd2 h6 10. O-O-O Ne7 11. g4 a6 12. Rhe1 Nf6 13. Bf4 b5 14. Be5 O-O 15. Kb1 Nd7 16. Bxg7 Kxg7 17. Bg2 Nb6 18. b3 a5 19. Ne2 b4 20. e5 Qc7 21. Nc1 c5 22. dxc5 Qxc5 23. Nd3 Qc7 24. Qf4 Nd7 25. Qd2 Nc5 26. Nxc5 Qxc5 27. Qd4 Qc7 28. f4 Rfc8 29. Rd2 Nc6 30. Qb2 Na7 31. Bf1 Qc3 32. Qxc3 Rxc3 33. Bd3 Nc6 34. Rf2 Nd4 35. f5 g5 36. Ref1 Ra7 37. Kb2 exf5 38. gxf5 f6 39. e6 Nc6 40. Bb5 Ne7 41. Rf3 Rac7 42. Rxc3 Rxc3 43. Bd3 Nc6 44. Kc1 Kf8 45. Kd2 Ne5 46. Rf2 Ke7 47. Rf1 Kd6 48. a3 Nxd3 49. cxd3 Rxb3 50. axb4 Rxb4 51. Re1 Ke7 52. Rc1 Rf4 53. Rc7+ Ke8 54. Ke3 d4+ 0-1

[Event "2nd Cambridge Open 2024"]
[Site "Cambridge"]
[Date "2024.02.19"]
[Round "2.20"]
[White "Hanache, Kai"]
[Black "Crocker, Philip J"]
[Result "0-1"]
[ECO "C56"]
[WhiteElo "1926"]
[BlackElo "2137"]
[Annotator "RC"]
[PlyCount "136"]
[EventDate "2024.02.18"]
[EventType "swiss"]
[EventCountry "ENG"]
[SourceTitle "playchess.com"]
[Source "ChessBase"]
[SourceQuality "1"]
[TimeControl "5400+30"]

1. e4 e5 2. Nf3 Nc6 3. Bc4 Nf6 4. d4 exd4 5. O-O Nxe4 6. Re1 d5 7. Bxd5 Qxd5 8. Nc3 Qh5 9. Nxe4 Be6 10. Bg5 Bd6 11. Nxd6+ cxd6 12. Bf4 Qf5 13. Qd2 O-O 14. Nxd4 Nxd4 15. Qxd4 Rac8 16. Bd2 Rc4 17. Qd3 Rxc2 18. Qxf5 Bxf5 19. Bc3 Be6 20. a4 Rc8 21. Rad1 d5 22. a5 h6 23. Re5 Rc4 24. f3 b5 25. axb6 axb6 26. Ree1 b5 27. h3 Kh7 28. Rd3 b4 29. Be5 Kg6 30. b3 Rc6 31. f4 Kh7 32. Rd4 Ra6 33. Rd3 f6 34. Bd4 Bf5 35. Rg3 Be4 36. Kh2 Raa2 37. Rg1 Ra3 38. Rd1 Ra6 39. Rg1 Kg8 40. h4 h5 41. Re1 Kf7 42. Rg1 Raa2 43. Kh3 g6 44. Kh2 Ke6 45. Kh3 Bf5+ 46. Kh2 Be4 47. Kh3 Kf5 48. Kh2 Ra5 49. Rf1 Rd2 50. Bb6 Raa2 51. Rg1 d4 52. Bc5 d3 53. Bxb4 Rdb2 54. Kh3 Rxb3 55. Bc5 Rbb2 56. Be3 Re2 57. Kh2 Rac2 58. Kh3 Bd5 59. Rd1 Bxg2+ 60. Rxg2 Rxe3+ 61. Rg3 Ke4 62. Ra1 Rxg3+ 63. Kxg3 d2 64. f5 Rc1 65. Ra4+ Kxf5 66. Ra5+ Ke6 67. Ra2 d1=Q 68. Rf2 Qg4+ 0-1